 Dungeon Crawl Stone Soup version 0.27-a0-291-gd9602db6ee (webtiles) character file.

Game seed: 7950301334051589788

127895 ismpop the Tortoise (level 16, -8/149 HPs)
             Began as a Minotaur Berserker on Feb 9, 2021.
             Was a Priest of Trog.
             Killed from afar by a deep elf elementalist (11 damage)
             ... with a fireball
             ... on level 3 of the Elven Halls on Feb 10, 2021.
             The game lasted 02:56:05 (33073 turns).

ismpop the Tortoise (Minotaur Berserker)           Turns: 33073, Time: 02:56:06

Health: -8/149     AC: 19    Str: 29    XL:     16   Next: 47%
Magic:  15/15      EV: 20    Int:  4    God:    Trog [***...]
Gold:   138        SH:  9    Dex: 16    Spells: 15/15 levels left

rFire    + . .     SeeInvis .   d - +5 whip (elec)
rCold    + . .     Faith    .   e - +1 buckler {rC+}
rNeg     . . .     Spirit   .   G - +0 chain mail {rF+}
rPois    +         Reflect  .   v - +2 hat
rElec    .         Harm     .   F - scarf {shadows}
rCorr    +         Rampage  .   g - +2 pair of gloves
Will     +++..                  q - +2 pair of boots
Stlth    ..........             C - amulet of magic regeneration
HPRegen  1.00/turn              r - ring "Rielirch" {rPois Dex+6}
MPRegen  0.39/turn              k - ring of resist corrosion

@: berserk cooldown, flying, regenerating
A: retaliatory headbutt, horns 2, talons 1, repulsion field 1, deformed body,
inhibited regeneration, evolution 1
a: Renounce Religion, Berserk, Trog's Hand


You were on level 3 of the Elven Halls.
You worshipped Trog.
Trog was most pleased with you.
You visited 3 branches of the dungeon, and saw 20 of its levels.
You visited the Abyss 1 time.

You collected 2190 gold pieces.
You spent 2052 gold pieces at shops.

Inventory:

Hand Weapons
 d - a +5 whip of electrocution (weapon)
 t - a +3 longbow of flaming
 D - the +8 shortbow "Domoal" {speed, Will- Str+4 Dex+4 Stlth+}
   (You found it on level 14 of the Dungeon)

   Attacks with this weapon are significantly faster.
   It affects your strength (+4).
   It affects your dexterity (+4).
   It affects your willpower, your defense against some magical effects.
   It makes you more stealthy.
Missiles
 l - 624 arrows
Armour
 e - a +1 buckler of cold resistance (worn)
 g - a +2 pair of gloves (worn)
 q - a +2 pair of boots (worn)
 v - a +2 hat (worn)
 F - a scarf of shadows (worn)
 G - a +0 chain mail of fire resistance (worn)
 J - a +0 buckler of reflection
Jewellery
 k - a ring of resist corrosion (right hand)
 r - the ring "Rielirch" (left hand) {rPois Dex+6}
   (You found it on level 4 of the Dungeon)

   [ring of poison resistance]

   It affects your dexterity (+6).
   It protects you from poison.
 C - an amulet of magic regeneration (around neck)
Wands
 b - a wand of flame (13)
 s - a wand of polymorph (11)
 z - a wand of charming (5)
 H - a wand of paralysis (18)
Scrolls
 m - 9 scrolls of remove curse
 u - 9 scrolls of identify
Potions
 i - 2 potions of lignification
 o - 3 potions of flight
 w - 2 potions of cancellation
 x - 2 potions of attraction
 B - a potion of ambrosia
 L - 2 potions of berserk rage


   Skills:
 + Level 15.2 Fighting
 + Level 15.1 Maces & Flails
 * Level 5.2 Bows
 * Level 15.4 Armour
 * Level 14.3 Dodging
 + Level 1.4 Stealth
 * Level 13.5 Shields
 + Level 8.4 Evocations


You had 15 spell levels left.
You didn't know any spells.
Your spell library contained the following spells:

 Spells                   Type           Power        Failure   Level
 Shock                    Conj/Air       0%           88%         1
 Conjure Flame            Conj/Fire      0%           99%         3
 Hailstorm                Conj/Ice       0%           100%        4
 Sticky Flame             Conj/Fire      0%           100%        4


Dungeon Overview and Level Annotations

Branches:
Dungeon (15/15)            Temple (0/1) D:7            Lair (0/6) D:9
    Orc (2/2) D:9             Elf (3/3) Orc:2        Vaults (0/5) D:14
 Depths (0/5) D:15

Altars:
Cheibriados
Elyvilon
Fedhas
Gozag
Nemelex Xobeh
Qazlal
Ru
Trog
Xom
The Shining One

Shops:
D:6 [=[?[   D:7 [?!   D:10 (   D:11 =   Orc:1 (   Orc:2 ?:(!?

Portals:
Pandemonium: Orc:2

Annotations:
D:3 2 transporters
D:7 2 transporters, Snicker's ghost, weakling DsDe


Innate Abilities, Weirdness & Mutations

You reflexively headbutt those who attack you in melee.
You have a pair of horns on your head.
You have sharp toenails.
You are surrounded by a mild repulsion field. (EV +2)
Armour fits poorly on your strangely shaped body.
You do not regenerate when monsters are visible.
You evolve.


Message History

* * * LOW HITPOINT WARNING * * *
As you read the scroll of teleportation, it crumbles to dust.
You feel strangely unstable.
You completely miss the deep elf archer.
The deep elf archer unwields a +0 shortbow.
The deep elf archer wields a +0 short sword.
The deep elf archer hits you but does no damage.
You whack the deep elf archer!
The deep elf archer is moderately wounded.
Your surroundings suddenly seem different.
A deep elf sorcerer comes into view. It is wielding a +0 long sword.
A deep elf elementalist comes into view.
It is wielding a +0 long sword.
You feel yourself speed up.
The deep elf elementalist shouts!
The deep elf sorcerer points at you and mumbles some strange words.
The sphere of damnation explodes!
The damnation engulfs you!!!
* * * LOW HITPOINT WARNING * * *
The deep elf elementalist gestures at you while chanting.
The fireball explodes!
The fireball engulfs you! You resist.
You die...

..# .##
...# ..#
#..##.##
#..e..#
#....#
#....##
#.@..#
#....#
##.#.#
#...#
#.#.#
#.e.#
+.#.#


You could see a deep elf sorcerer and a deep elf elementalist (repels missiles).

Vanquished Creatures
  Saint Roka (Elf:2)
  A tentacled starspawn (Abyss:2)
  Frances (D:13)
  Agnes (Elf:2)
  Nessos (D:13)
  A deep elf demonologist (Elf:2)
  A dire elephant (shapeshifter) (Elf:2)
  A deep elf annihilator (Elf:1)
  A deep elf death mage (Elf:2)
  2 rakshasas
  2 boulder beetles
  4 ogre magi
  6 centaur warriors
  8 two-headed ogres
  Erica (D:9)
  14 dancing weapons
  A death knight (D:15)
  3 tengu warriors
  6 orc high priests (Orc:2)
  15 deep elf knights
  3 skeletal warriors
  3 unseen horrors
  8 deep elf archers
  An infernal demonspawn (Orc:2)
  7 starcursed masses (Abyss:2)
  A wizard (D:14)
  A torturous demonspawn (Orc:2)
  Pikel (D:7)
  29 deep elf pyromancers
  3 wolf spider zombies
  9 orc knights
  2 wolf spiders
  8 orc sorcerers
  22 deep elf zephyrmancers
  5 cyclopes
  4 manticores
  A salamander (D:15)
  A moth of wrath (shapeshifter) (Elf:1)
  11 ugly things
  A will-o-the-wisp (Abyss:2)
  Joseph (D:8)
  2 guardian serpents (D:13)
  An orange demon (Orc:2)
  A smoke demon (Abyss:2)
  2 freezing wraiths (D:14)
  5 yaktaurs (D:14)
  5 komodo dragons
  A hellwing (Abyss:2)
  4 trolls
  A hornet (D:11)
  12 slime creatures
  A dream sheep (shapeshifter) (D:15)
  A meliai zombie (D:15)
  An air elemental (Elf:2)
  A water elemental (Elf:1)
  A wraith (D:14)
  8 redbacks (Elf:1)
  2 large abominations (Abyss:2)
  An alligator skeleton (Abyss:2)
  A spriggan (shapeshifter) (D:13)
  Sigmund (D:2)
  3 wyverns
  A ynoxinul (Orc:2)
  A shadow (D:15)
  3 yaks (D:14)
  3 fire bats (Abyss:2)
  2 chaos spawn (Orc:2)
  2 basilisks (D:9)
  2 fire elementals (Elf:1)
  Menkaure (D:5)
  6 vampire mosquitoes
  3 wargs
  A soldier ant (D:11)
  2 acid dragons
  2 water moccasins
  2 ice beasts
  A swamp drake (D:9)
  2 sky beasts
  4 necrophages
  25 orc warriors
  13 ogres
  15 centaurs
  3 phantoms
  Blork the orc (D:4)
  7 bullfrogs
  2 earth elementals (Elf:1)
  A torturous demonspawn simulacrum (Abyss:2)
  6 scorpions
  4 killer bees (D:9)
  10 wights
  2 howler monkeys
  A bullfrog zombie (D:8)
  23 orc priests
  5 jellies
  A hound (D:9)
  Jessica (D:2)
  8 centaur skeletons
  2 bullfrog skeletons
  Natasha (twice) (D:2)
  6 iguanas
  17 orc wizards
  3 worker ants
  A killer bee zombie (D:5)
  A small abomination (Abyss:2)
  A hound skeleton (D:3)
  Robin (D:2)
  14 adders
  10 gnolls
  3 shadow imps
  A white imp (D:8)
  An ufetubus (D:8)
  An ooze (D:3)
  2 adder skeletons
  An adder zombie (D:6)
  3 worms
  A dart slug (D:4)
  3 leopard geckos
  76 orcs
  7 giant cockroaches
  21 goblins
  12 hobgoblins
  4 jackals
  6 kobolds
  5 quokkas
  3 ball pythons
  7 bats
  2 frilled lizards
  A jackal skeleton (D:6)
  A jackal zombie (D:5)
  A kobold zombie (Abyss:2)
  7 rats
641 creatures vanquished.

Vanquished Creatures (collateral kills)
  A dancing weapon (Elf:2)
  A deep elf archer (Elf:1)
  A deep elf pyromancer (Elf:1)
  A deep elf zephyrmancer (Elf:1)
4 creatures vanquished.

Vanquished Creatures (others)
  2 deep elf knights (Elf:1)
  A deep elf pyromancer (Elf:1)
  A tengu conjurer (D:15)
  3 foxfires (Abyss:2)
  6 plants
  9 starspawn tentacles (Abyss:2)
22 creatures vanquished.

Grand Total: 667 creatures vanquished

Notes
Turn   | Place    | Note
-------+----------+-------------------------------------------
     0 | D:1      | ismpop the Minotaur Berserker began the quest for the Orb.
     0 | D:1      | Reached XP level 1. HP: 19/19 MP: 0/0
   263 | D:1      | Reached XP level 2. HP: 25/27 MP: 1/1
  1004 | D:2      | Reached XP level 3. HP: 33/33 MP: 2/2
  1012 | D:2      | Reached ** piety under Trog
  1015 | D:2      | Noticed Jessica
  1029 | D:2      | Killed Jessica
  1078 | D:2      | Reached XP level 4. HP: 39/41 MP: 3/3
  1095 | D:2      | Noticed Sigmund
  1122 | D:2      | Killed Sigmund
  1123 | D:2      | Reached skill level 5 in Fighting
  1123 | D:2      | Reached XP level 5. HP: 29/48 MP: 4/4
  1528 | D:2      | Noticed Natasha
  1535 | D:2      | Killed Natasha
  1536 | D:2      | Reached skill level 5 in Maces & Flails
  1684 | D:2      | Noticed Natasha
  1692 | D:2      | Killed Natasha
  1693 | D:2      | Reached XP level 6. HP: 55/56 MP: 5/5
  2015 | D:3      | Noticed Robin
  2091 | D:2      | Killed Robin
  2269 | D:3      | Found a transporter.
  2377 | D:3      | Found a transporter.
  2406 | D:3      | Reached *** piety under Trog
  2980 | D:4      | Found a snail-covered altar of Cheibriados.
  3054 | D:4      | Reached XP level 7. HP: 56/61 MP: 6/6
  3147 | D:4      | Noticed Blork the orc
  3163 | D:4      | Killed Blork the orc
  3164 | D:4      | Reached skill level 5 in Armour
  3402 | D:4      | Found a shimmering altar of Xom.
  3408 | D:4      | Found a stormy altar of Qazlal.
  3411 | D:4      | Found a sparkling altar of Nemelex Xobeh.
  3423 | D:4      | Got a steaming glass ring
  3433 | D:4      | Found a bloodstained altar of Trog.
  3434 | D:4      | Found a blossoming altar of Fedhas.
  3505 | D:4      | Reached skill level 5 in Dodging
  3566 | D:4      | Identified the ring "Rielirch" {rPois Dex+6} (You found it
                  | on level 4 of the Dungeon)
  3702 | D:5      | Entered Level 5 of the Dungeon
  4117 | D:5      | Noticed Menkaure
  4129 | D:5      | Killed Menkaure
  4130 | D:5      | Reached skill level 1 in Evocations
  4130 | D:5      | Reached XP level 8. HP: 50/71 MP: 7/7
  4131 | D:5      | Reached **** piety under Trog
  4901 | D:6      | Found Roesotet's Antique Armour Shoppe.
  4909 | D:6      | Bought an embroidered hat for 175 gold pieces
  4971 | D:6      | Found Ofiggala's Magic Scroll Boutique.
  5035 | D:6      | Bought a scroll of identify for 24 gold pieces
  5257 | D:6      | Found a sacrificial altar of Ru.
  5371 | D:6      | Found Noreg's Antique Armour Shoppe.
  5412 | D:6      | Found Guibonk's Jewellery Shoppe.
  5564 | D:6      | Found Doshiyw's Armour Boutique.
  5818 | D:7      | Found Xemekh's Armour Shoppe.
  5841 | D:7      | Noticed a queen bee
  5890 | D:7      | Found a white marble altar of Elyvilon.
  5943 | D:7      | Found Juishi Kirch's Magic Scroll Emporium.
  5951 | D:7      | Bought a scroll of identify for 28 gold pieces
  5977 | D:7      | Found Fukhlo's Antique Weapon Boutique.
  6019 | D:7      | Found a transporter.
  6028 | D:7      | Noticed Snicker's ghost (weakling DsDe)
  6082 | D:7      | Found a staircase to the Ecumenical Temple.
  6092 | D:7      | Noticed Pikel
  6107 | D:7      | Killed Pikel
  6108 | D:7      | Reached XP level 9. HP: 80/80 MP: 8/8
  6195 | D:7      | Found Imo Ifio's Distillery.
  6225 | D:7      | Found a glowing golden altar of the Shining One.
  6315 | D:7      | Found an opulent altar of Gozag.
  6365 | D:7      | Found a transporter.
  6458 | D:8      | Noticed a two-headed ogre
  6463 | D:8      | Killed a two-headed ogre
  6465 | D:8      | Noticed Joseph
  6770 | D:8      | Killed Joseph
  6995 | D:8      | Noticed a two-headed ogre
  7004 | D:8      | Killed a two-headed ogre
  7090 | D:8      | Reached XP level 10. HP: 77/91 MP: 9/9
  7572 | D:9      | Found a staircase to the Orcish Mines.
  7666 | D:9      | Noticed a cyclops
  7678 | D:9      | Killed a cyclops
  7894 | D:9      | Found a staircase to the Lair.
  8158 | D:9      | Noticed a centaur warrior
  8167 | D:9      | Killed a centaur warrior
  8334 | D:9      | Noticed Erica
  8346 | D:9      | Killed Erica
  8347 | D:9      | Reached skill level 10 in Fighting
  8347 | D:9      | Reached skill level 10 in Maces & Flails
  8565 | Orc:1    | Entered Level 1 of the Orcish Mines
  8632 | D:7      | Bought a scarf of shadows for 192 gold pieces
  8703 | Orc:1    | You fall into a shaft and drop 1 floor!
  8703 | Orc:2    | Entered Level 2 of the Orcish Mines
  8704 | Orc:2    | Noticed an orange demon
  8707 | Orc:2    | Noticed an orc high priest
  8708 | Orc:2    | Noticed an orc high priest
  8715 | Orc:2    | Found a staircase to the Elven Halls.
  8751 | Orc:2    | Found Hyfecal's Magic Scroll Shoppe.
  8774 | Orc:2    | Bought a scroll of identify for 30 gold pieces
  8897 | Orc:2    | Reached skill level 5 in Shields
  8910 | Orc:2    | Reached XP level 11. HP: 87/99 MP: 10/10
  9001 | Orc:1    | Noticed an orc knight
  9023 | Orc:2    | Killed an orc knight
  9642 | D:6      | Bought a pair of runed gloves for 172 gold pieces
  9991 | Orc:1    | Noticed a two-headed ogre
  9995 | Orc:1    | Noticed an orc knight
 10001 | Orc:2    | Killed a two-headed ogre
 10002 | Orc:2    | Reached skill level 10 in Armour
 10134 | Orc:1    | Killed an orc knight
 10313 | Orc:1    | Found Joke's Weapon Shoppe.
 10332 | Orc:1    | Noticed an orc knight
 10337 | Orc:1    | Noticed an orc sorcerer
 10362 | Orc:1    | Killed an orc knight
 10372 | Orc:1    | Killed an orc sorcerer
 10987 | Orc:2    | Noticed an orc knight
 10989 | Orc:2    | Found Dodiow's Magic Scroll Shoppe.
 10991 | Orc:2    | Found Gunn's Distillery.
 11089 | Orc:2    | Killed an orc knight
 11134 | Orc:2    | Bought a scroll of identify for 34 gold pieces
 11134 | Orc:2    | Bought a scroll of identify for 34 gold pieces
 11134 | Orc:2    | Bought a scroll of identify for 34 gold pieces
 11496 | Orc:2    | Killed an orc high priest
 11506 | Orc:2    | Noticed an orc high priest
 11630 | Orc:2    | Noticed an orc knight
 11641 | Orc:2    | Noticed a sun demon
 11653 | Orc:2    | Killed an orc knight
 11663 | Orc:2    | Killed an orc high priest
 11664 | Orc:2    | Reached skill level 10 in Dodging
 11664 | Orc:2    | Reached skill level 5 in Evocations
 11664 | Orc:2    | Reached XP level 12. HP: 110/110 MP: 11/11
 11699 | Orc:2    | Noticed an orc high priest
 11714 | Orc:2    | Killed an orc high priest
 12000 | Orc:2    | Noticed an orc high priest
 12023 | Orc:2    | Killed an orc high priest
 12053 | Orc:2    | Paralysed by an orc sorcerer for 6 turns
 12063 | Orc:2    | Noticed an orc high priest
 12067 | Orc:2    | Gained mutation: Your magical capacity is low. (-10% MP) [a
                  | neqoxec]
 12072 | Orc:2    | Killed an orc high priest
 12223 | Orc:2    | Killed an orc high priest
 12263 | Orc:2    | Found Evaemoc's Book Boutique.
 12263 | Orc:2    | Found Heazicu's Antique Weapon Shop.
 12264 | Orc:2    | Found a one-way gate leading to the halls of Pandemonium.
 12309 | Orc:2    | Bought a potion of heal wounds for 70 gold pieces
 12309 | Orc:2    | Bought 2 potions of heal wounds for 140 gold pieces
 12454 | D:6      | Bought a pair of boots for 112 gold pieces
 12480 | D:6      | Bought a scroll of enchant armour for 90 gold pieces
 12480 | D:6      | Bought a scroll of teleportation for 36 gold pieces
 12480 | D:6      | Bought a scroll of enchant weapon for 90 gold pieces
 12930 | D:10     | Entered Level 10 of the Dungeon
 13096 | D:10     | Found Esurumy's Antique Weapon Boutique.
 13964 | D:11     | Noticed a two-headed ogre
 13964 | D:11     | Noticed a two-headed ogre
 13965 | D:11     | Noticed an ogre mage
 13965 | D:11     | Noticed a two-headed ogre
 13974 | D:11     | Killed a two-headed ogre
 14019 | D:11     | Killed a two-headed ogre
 14026 | D:11     | Killed an ogre mage
 14030 | D:11     | Killed a two-headed ogre
 14517 | D:11     | Found Itisihac's Jewellery Boutique.
 14556 | D:11     | Found a stormy altar of Qazlal.
 14621 | D:11     | Reached XP level 13. HP: 118/118 MP: 10/10
 15141 | D:7      | Bought a potion of mutation for 112 gold pieces
 15141 | D:7      | Lost mutation: Your magical capacity is low. (-10% MP)
                  | [potion of mutation]
 15141 | D:7      | Gained mutation: Armour fits poorly on your strangely
                  | shaped body. [potion of mutation]
 15141 | D:7      | Gained mutation: Your spells are a little easier to cast,
                  | but a little less powerful. [potion of mutation]
 15141 | D:7      | Gained mutation: You do not regenerate when monsters are
                  | visible. [potion of mutation]
 15141 | D:7      | Gained mutation: You are surrounded by a mild repulsion
                  | field. (EV +2) [potion of mutation]
 16093 | D:12     | Found a white marble altar of Elyvilon.
 16502 | Elf:1    | Entered Level 1 of the Elven Halls
 17313 | Elf:1    | Reached skill level 10 in Shields
 17696 | Elf:1    | Reached XP level 14. HP: 79/129 MP: 13/13
 17719 | Elf:1    | Gained mutation: You are weak. (Str -2) [a shining eye]
 18244 | D:6      | Bought a runed buckler for 187 gold pieces
 18280 | D:7      | Bought a potion of heal wounds for 70 gold pieces
 18280 | D:7      | Bought a potion of curing for 42 gold pieces
 19107 | D:14     | Found an opulent altar of Gozag.
 20418 | D:13     | Noticed Frances
 20432 | D:13     | Killed Frances
 22091 | D:14     | Got a masterwork shortbow
 22094 | D:14     | Identified the +8 shortbow "Domoal" {speed, Will- Str+4
                  | Dex+4 Stlth+} (You found it on level 14 of the Dungeon)
 22319 | D:14     | Found a gate to the Vaults.
 23524 | D:13     | Reached XP level 15. HP: 138/138 MP: 14/14
 23683 | D:13     | Noticed Nessos
 23712 | D:13     | Killed Nessos
 24247 | Orc:2    | Bought a scroll of teleportation for 51 gold pieces
 24405 | D:7      | Bought a potion of curing for 42 gold pieces
 24405 | D:7      | Bought a potion of heal wounds for 70 gold pieces
 24405 | D:7      | Bought a potion of heal wounds for 70 gold pieces
 24908 | D:15     | Entered Level 15 of the Dungeon
 26154 | D:15     | Found a staircase to the Depths.
 27616 | Elf:1    | Reached skill level 1 in Bows
 28159 | Elf:1    | Identified Jyhitzun's Catalogue of Attacks
 28441 | Elf:2    | Found a runed translucent gate.
 28441 | Elf:2    | Found a runed translucent gate.
 28442 | Elf:2    | Found a runed translucent gate.
 29269 | Elf:2    | Noticed an iron giant
 29275 | Elf:2    | Noticed a sphinx
 29275 | Elf:2    | an iron giant changed into a sphinx
 29279 | Elf:2    | Noticed a frost giant
 29279 | Elf:2    | a sphinx changed into a frost giant
 29284 | Elf:2    | a frost giant changed into a dire elephant
 29601 | D:7      | Bought a scroll of enchant armour for 105 gold pieces
 29601 | D:7      | Bought a scroll of teleportation for 42 gold pieces
 30203 | Elf:2    | Noticed Agnes
 30224 | Elf:2    | Killed Agnes
 30387 | Elf:2    | Reached skill level 15 in Fighting
 30387 | Elf:2    | Reached XP level 16. HP: 149/149 MP: 15/15
 30797 | Elf:2    | Reached skill level 15 in Armour
 30840 | Elf:2    | Reached skill level 15 in Maces & Flails
 31359 | Elf:2    | Noticed Saint Roka
 31417 | Elf:2    | Killed Saint Roka
 32192 | Elf:2    | Reached skill level 1 in Stealth
 32418 | Elf:3    | Entered Level 3 of the Elven Halls
 32510 | Elf:3    | Cast into level 2 of the Abyss (a deep elf sorcerer)
 32524 | Abyss:2  | Lost mutation: Your spells are a little easier to cast, but
                  | a little less powerful. [potion of mutation]
 32524 | Abyss:2  | Lost mutation: Armour fits poorly on your strangely shaped
                  | body. [potion of mutation]
 32524 | Abyss:2  | Lost mutation: You are weak. (Str -2) [potion of mutation]
 32524 | Abyss:2  | Gained mutation: You have sharp toenails. [potion of
                  | mutation]
 32524 | Abyss:2  | Gained mutation: Armour fits poorly on your strangely
                  | shaped body. [potion of mutation]
 32524 | Abyss:2  | Gained mutation: You evolve. [potion of mutation]
 32625 | Abyss:2  | Noticed a tentacled starspawn
 32804 | Abyss:2  | Reached skill level 5 in Bows
 32829 | Abyss:2  | Noticed a lich
 32833 | Abyss:2  | Noticed a tentacled starspawn
 32868 | Abyss:2  | Killed a tentacled starspawn
 32981 | Abyss:2  | Noticed a tentacled starspawn
 33054 | Elf:3    | Escaped the Abyss
 33073 | Elf:3    | HP: 3/149 [deep elf sorcerer/damnation (37)]
 33073 | Elf:3    | Killed from afar by a deep elf elementalist

Illustrated notes

Levels and vault maps discovered:
D:1:      lightli_arrival_windingriver, layout_loops_ring, serial_forest,
          infiniplex_forest_end_1, infiniplex_forest_straight_1,
          infiniplex_forest_clump_tiny, infiniplex_forest_zigzag_1,
          infiniplex_forest_clump_small, infiniplex_forest_lined_3,
          infiniplex_forest_clump_cross, infiniplex_forest_straight_3,
          minmay_misc_feat_cross
D:2:      layout_loops_ring, uniq_jessica, uniq_natasha, uniq_sigmund
D:3:      gammafunk_steamed_eel, layout_rooms, uniq_robin
D:4:      layout_rooms, kennysheep_slug_shrine, grunt_temple_overflow_open,
          guppyfry_early_lair_pool, uniq_blork_the_orc
D:5:      layout_basic, chequers_serial_rivers_small_a, uniq_menkaure
D:6:      layout_basic, basic_altar, serial_shops, kennysheep_little_box,
          kennysheep_mini_moat, shop,
          nicolae_shop_temple_entry_statues_fountains, shop
D:7:      layout_cave_pools, kennysheep_mini, marbit_many_paths,
          nicolae_tso_carved_into_rock, minmay_temple_entry_ruins,
          gammafunk_ghost_hive, serial_shops, shop, shop,
          nicolae_shop_competitors_out_of_business, shop, uniq_pikel
D:8:      layout_cave_pools, uniq_joseph
D:9:      layout_basic, erik_lair_dragon, orc_0_dummy, uniq_erica
D:10:     layout_gridville, serial_shops, shop
D:11:     layout_loops_corners, serial_shops, shop,
          nicolae_qazlal_general_emergency
D:12:     layout_cave_pods, elyvilon_altar_3
D:13:     nrook_guardian_serpent_snake_passage, layout_gridville, uniq_frances,
          uniq_nessos
D:14:     minmay_the_grid_triangle_9x9_recursive_2
          [minmay_the_grid_triangle_9x9_prize_top_heavy,
          minmay_the_grid_triangle_9x9_negative_grid,
          minmay_the_grid_triangle_9x9_windchime,
          minmay_the_grid_triangle_9x9_skeleton], layout_rooms,
          hangedman_vaults_entry_quadrant_bands, basic_altar
D:15:     hangedman_depths_entry_try_elsewhere_first, layout_basic,
          minmay_misc_feat_iff
Orc:1:    layout_caves, serial_shops, shop
Orc:2:    pf_orc_diabolical, layout_caves, serial_shops, shop_statue
Elf:1:    eino_elf_arrival_customs, layout_gridlike, minmay_elf_annihilation,
          drop_trap
Elf:2:    layout_loops_corners, minmay_misc_feat_ornament, uniq_saint_roka,
          uniq_agnes
Elf:3:    minmay_elf_hall_statues, layout_loops_corners, serial_shops, shop,
          kennysheep_underground_church

Skill      XL: |  1  2  3  4  5  6  7  8  9 10 11 12 13 14 15 16 |
---------------+-------------------------------------------------+-----
Fighting       | 4 5 6 7 9 10 11 12 13 14 15 | 15.2
Maces & Flails | 4 5 6 7 9 10 11 12 13 14 15 | 15.1
Armour         | 3 4 6 7 8 9 10 12 13 14 15 | 15.4
Dodging        | 3 4 5 6 7 8 10 11 12 13 14 | 14.3
Evocations     | 1 2 3 4 5 6 7 8 |  8.4
Shields        | 2 5 7 9 10 11 13 | 13.5
Bows           | 3 5 |  5.2
Stealth        | 1 |  1.4

Action                   |  1- 3 |  4- 6 |  7- 9 | 10-12 | 13-15 | 16-18 || total
-------------------------+-------+-------+-------+-------+-------+-------++-------
Melee: Whip              |    62 |   176 |   225 |   616 |  1257 |   223 ||  2559
       Headbutt          |    10 |    39 |    56 |   171 |   361 |    75 ||   712
       Mace              |     1 |       |       |       |       |       ||     1
Invok: Berserk           |     3 |     2 |     6 |    18 |    32 |    12 ||    73
       Trog's Hand       |       |     2 |     5 |    21 |    43 |    13 ||    84
       Brothers in Arms  |       |       |       |       |     1 |       ||     1
Evoke: Wand              |       |       |       |       |    27 |    19 ||    46
  Use: Scroll            |     3 |     7 |    14 |    17 |    17 |     9 ||    67
       Potion            |       |       |       |     3 |    22 |    13 ||    38
 Stab: Invisible         |       |       |       |     6 |       |       ||     6
Armor: Chain mail        |    34 |   103 |    90 |   133 |   287 |    46 ||   693
       Animal skin       |     4 |       |       |       |       |       ||     4
Dodge: Dodged            |    46 |   107 |    86 |   208 |   500 |    85 ||  1032
Block: Kite shield       |       |       |    11 |   264 |    95 |       ||   370
       Buckler           |       |       |       |       |   231 |    54 ||   285

Table legend: (Time is in decaauts)
 A = Elapsed time spent in this place.
 B = Non-inter-level travel time spent in this place.
 C = Inter-level travel time spent in this place.
 D = Time resting spent in this place.
 E = Time spent auto-exploring this place.
 F = Levels seen in this place.
 G = Mean time per level.
                   A        B        C        D        E       F      G
               +--------+--------+--------+--------+--------+-----+--------+
         Total |  32926 |  29350 |   3576 |   9887 |  10169 |  21 | 1567.9 |
       Dungeon |  21209 |  18483 |   2726 |   5101 |   7965 |  15 | 1413.9 |
  Orcish Mines |   4115 |   3671 |    444 |   1067 |   1210 |   2 | 2057.5 |
   Elven Halls |   7056 |   6651 |    405 |   3503 |    994 |   3 | 2352.0 |
         Abyss |    546 |    546 |      0 |    216 |      0 |   1 |  546.0 |
               +--------+--------+--------+--------+--------+-----+--------+

Top non-repeatable levels by time:
   Elf:2: 3539 daAuts
   Elf:1: 3419 daAuts
    D:14: 3026 daAuts
   Orc:2: 2775 daAuts
    D:13: 1884 daAuts
    D:15: 1811 daAuts
     D:9: 1672 daAuts
    D:12: 1629 daAuts
   Orc:1: 1339 daAuts
    D:11: 1335 daAuts
     D:2: 1305 daAuts
     D:7: 1245 daAuts
     D:6: 1227 daAuts
    D:10: 1217 daAuts
     D:5: 1204 daAuts
